 Dungeon Sprint DCSS version 0.28.0-43-g3370ac3207 (webtiles) character file.

Game seed: 9834190647042135458

3464 Baz the Demonic Cataclysm (level 9, 0/79 HPs)
             Began as a Demonspawn Gladiator on Mar 18, 2022.
             Was a High Priest of Qazlal.
             Slain by a shadow wraith (7 damage)
             ... in the Dungeon (Sprint VII: "The Pits").
             The game lasted 00:07:27 (1268 turns).

Baz the Demonic Cataclysm (Demonspawn Gladiator)    Turns: 1268, Time: 00:07:28

Health: 0/79       AC: 18    Str: 19    XL:     9   Next: 78%
Magic:  1/6        EV: 12    Int:  9    God:    Qazlal [*****.]
Gold:   0          SH:  7    Dex: 15    Spells: 8/8 levels left

rFire   . . .      SeeInvis .   s - +2 scimitar (antimagic)
rCold   . . .      Faith    .   (no shield)
rNeg    . . .      Spirit   .   e - +3 chain mail
rPois   .          Reflect  .   p - +0 hat {Will+}
rElec   .          Harm     .   t - +0 cloak
rCorr   .          Rampage  .   (gloves unavailable)
Will    +....      NoTele   +   (no boots)
Stlth   ..........              (no amulet)
HPRegen 0.23/turn               (no ring)
MPRegen 0.10/turn               (no ring)

@: protected from physical damage, hasted and slowed, repel missiles
A: demonic guardian 1, foul stench 3, demonic touch 3
a: Renounce Religion, Upheaval, Elemental Force, Disaster Area


You were in the Dungeon.
You worshipped Qazlal.
Qazlal was extremely pleased with you.
You visited 1 branch

Inventory:

Hand Weapons
 k - a +2 falchion
 s - a +2 antimagic scimitar (weapon)
Missiles
 d - 3 throwing nets (quivered)
Armour
 e - a +3 chain mail (worn)
 p - a +0 hat of willpower (worn)
 t - a +0 cloak (worn)
Jewellery
 q - a +3 ring of strength
 r - a +3 ring of strength
Scrolls
 j - a scroll of blinking
 m - 5 scrolls of amnesia
 n - a scroll of summoning
Potions
 a - a potion of resistance
 b - a potion of brilliance
 c - 3 potions of mutation
 f - 5 potions of heal wounds
 h - 4 potions of magic
 i - 2 potions of berserk rage
 l - a potion of invisibility
 o - 5 potions of curing


   Skills:
 + Level 10.6 Fighting
 + Level 10.0 Long Blades
 - Level 1.7 Throwing
 + Level 9.5 Armour
 + Level 10.0 Dodging
 + Level 13.2 Invocations


You had 8 spell levels left.
You didn't know any spells.
Your spell library was empty.

Dungeon Overview and Level Annotations

Branches:
Dungeon (1/1)

Altars:
Ashenzari
Cheibriados
Dithmenos
Elyvilon
Fedhas
Gozag
Hepliaklqana
Kikubaaqudgha
Makhleb
Nemelex Xobeh
Okawaru
Qazlal
Ru
Sif Muna
Trog
Uskayaw
Vehumet
Wu Jian
Xom
Yredelemnul
Zin
The Shining One
Beogh
Jiyva
Lugonu


Innate Abilities, Weirdness & Mutations

A weak demonic guardian rushes to your aid.
You frequently emit foul miasma when damaged in melee.
Your touch may irresistibly damage your foes and sap their willpower.


Message History

Aiming: Upheaval
Press: ? - help, Dir - move target, f - kobold demonologist
Aim: a kobold demonologist, wielding a +0 dagger and wearing a +0 robe Magma suddenly erupts from the ground!
The blast of magma engulfs the ufetubus!!
The ufetubus is burned terribly!
You kill the ufetubus!
The ufetubus disappears in a puff of smoke!
The blast of magma engulfs the kobold demonologist!
The kobold demonologist is moderately wounded.
The blast of magma engulfs the kobold demonologist!!
You kill the kobold demonologist!
Qazlal accepts your kill.
The neqoxec disappears in a puff of smoke!
The white imp disappears in a puff of smoke!
The blast of magma engulfs something!
Lightning from the thunderstorm strikes something you cannot see.
Something hits your white imp!!
Your white imp dies!
Your white imp disappears in a puff of smoke!
Your Long Blades skill increases to level 10!
Your Dodging skill increases to level 10!
Unknown command.
Unknown command.
Unknown command.
Okay, then.
Unknown command.
Something hits you.
* * * LOW HITPOINT WARNING * * *
Something drains your vigour!
You feel as though you will be slow longer.
The blink frog blinks!
You feel yourself speed up. Something hits you!
* * * LOW HITPOINT WARNING * * *
A demonic guardian appears!
Something drains your vigour!
You feel as though you will be slow longer.
You emit a cloud of foul miasma!
The large abomination is engulfed in blazing flames.
Something hits you!
You die...

###'##................#
))'.##......#..#......#
###.##................+
.....'................+
'#####......#..#......#
.#..##.....†..........#
.#))#####'#####'☼#####
##))##.......##5'# #####
.#))##.......##○@###...#
.#.[##.......##.†§##.F.# .#
##'###...<...###.X°##)##K.##
†...##.......# ##..KF≈K555.#
....##.......#
#..###'###...#
######.......##..## ... #
.#..###########.. ....+
.#.############.. ...##
.#.#....#..[[###. +###


You could see a large abomination (ally target), a kobold demonologist, a blink
frog and a friendly white imp (summoned, wandering).

Vanquished Creatures
  A boulder beetle (D)
  A deep troll (D)
  A kobold demonologist (D)
  A tarantella (D)
  A blink frog (D)
  A floating eye (D)
  A water moccasin (D)
  A black bear (D)
  A centaur (D)
  A phantom (D)
  A bullfrog (D)
  A crimson imp (D)
  A hell rat (D)
  A mummy (D)
  A gnoll (D)
  3 ufetubi (D)
  A worm (D)
  An orc (D)
  A ball python (D)
  2 giant cockroaches (D)
  A quokka (D)
  A ball python skeleton (D)
  A bat (D)
  A frilled lizard (D)
  2 kobolds (D)
  A rat (D)
30 creatures vanquished.

Vanquished Creatures (collateral kills)
  Gastronok (D)
  A kobold brigand (D)
2 creatures vanquished.

Grand Total: 32 creatures vanquished

Notes
Turn   | Place    | Note
-------+----------+-------------------------------------------
     0 | D        | Baz the Demonspawn Gladiator began the quest for the Orb.
     0 | D        | Reached XP level 1. HP: 16/16 MP: 1/1
    16 | D        | Found a bloodstained altar of Trog.
    16 | D        | Found a shimmering blue altar of Sif Muna.
    16 | D        | Found a viscous altar of Jiyva.
    16 | D        | Found a hazy altar of Hepliaklqana.
    16 | D        | Found an opulent altar of Gozag.
    17 | D        | Found a basalt altar of Yredelemnul.
    17 | D        | Found a shimmering altar of Xom.
    17 | D        | Found an ornate altar of the Wu Jian Council.
    17 | D        | Found a sacrificial altar of Ru.
    17 | D        | Found a stormy altar of Qazlal.
    17 | D        | Found an iron altar of Okawaru.
    17 | D        | Found a sparkling altar of Nemelex Xobeh.
    17 | D        | Found a burning altar of Makhleb.
    17 | D        | Found a blossoming altar of Fedhas.
    17 | D        | Found a shadowy altar of Dithmenos.
    17 | D        | Found a snail-covered altar of Cheibriados.
    18 | D        | Found a radiant altar of Vehumet.
    18 | D        | Found a corrupted altar of Lugonu.
    19 | D        | Found a hide-covered altar of Uskayaw.
    19 | D        | Found an ancient bone altar of Kikubaaqudgha.
    19 | D        | Found a broken altar of Ashenzari.
    22 | D        | Became a worshipper of Qazlal Stormbringer
    79 | D        | Reached skill level 1 in Invocations
   238 | D        | Reached * piety under Qazlal
   239 | D        | Reached skill level 1 in Armour
   283 | D        | Reached skill level 2 in Invocations
   283 | D        | Gained mutation: A weak demonic guardian rushes to your
                  | aid. [demonic ancestry]
   283 | D        | Reached XP level 2. HP: 23/23 MP: 3/3
   286 | D        | Reached ** piety under Qazlal
   426 | D        | Noticed a crimson imp
   426 | D        | Noticed a floating eye
   436 | D        | Reached skill level 3 in Invocations
   436 | D        | Gained mutation: You may rarely emit foul miasma when
                  | damaged in melee. [demonic ancestry]
   436 | D        | Reached XP level 3. HP: 28/29 MP: 5/5
   437 | D        | Paralysed by a floating eye for 3 turns
   443 | D        | Paralysed by a floating eye for 2 turns
   445 | D        | Killed a floating eye
   445 | D        | Reached *** piety under Qazlal
   446 | D        | Reached skill level 5 in Invocations
   446 | D        | Gained mutation: You sometimes emit foul miasma when
                  | damaged in melee. [demonic ancestry]
   446 | D        | Reached XP level 4. HP: 37/38 MP: 5/8
   459 | D        | Reached skill level 5 in Fighting
   459 | D        | Reached skill level 5 in Long Blades
   459 | D        | Reached skill level 5 in Dodging
   459 | D        | Gained mutation: You frequently emit foul miasma when
                  | damaged in melee. [demonic ancestry]
   459 | D        | Reached XP level 5. HP: 44/44 MP: 6/9
   492 | D        | Noticed a phantom
   508 | D        | Reached skill level 6 in Invocations
   518 | D        | Killed a phantom
   518 | D        | Reached **** piety under Qazlal
   519 | D        | Reached skill level 5 in Armour
   519 | D        | Reached skill level 7 in Invocations
   519 | D        | Reached XP level 6. HP: 23/52 MP: 7/11
   703 | D        | Noticed Gastronok
   731 | D        | Killed Gastronok
   732 | D        | Reached skill level 10 in Invocations
   732 | D        | Gained mutation: Your touch may inflict minor irresistible
                  | damage on your foes. [demonic ancestry]
   732 | D        | Reached XP level 7. HP: 28/63 MP: 11/15
   732 | D        | Gained mutation: Your touch may inflict irresistible damage
                  | on your foes. [demonic ancestry]
   732 | D        | Reached XP level 8. HP: 30/69 MP: 11/16
   926 | D        | Reached ***** piety under Qazlal
   927 | D        | Reached skill level 11 in Invocations
   956 | D        | Noticed a boulder beetle
   965 | D        | Killed a boulder beetle
   966 | D        | Reached skill level 12 in Invocations
   966 | D        | Gained mutation: Your touch may irresistibly damage your
                  | foes and sap their willpower. [demonic ancestry]
   966 | D        | Reached XP level 9. HP: 78/78 MP: 5/18
  1247 | D        | Noticed a kobold demonologist
  1248 | D        | Noticed a kobold demonologist
  1253 | D        | Noticed a deep troll
  1261 | D        | Killed a deep troll
  1262 | D        | Reached skill level 10 in Fighting
  1262 | D        | Reached skill level 13 in Invocations
  1264 | D        | Killed a kobold demonologist
  1264 | D        | Noticed a rust devil
  1265 | D        | Reached skill level 10 in Long Blades
  1265 | D        | Reached skill level 10 in Dodging
  1268 | D        | Slain by a shadow wraith

Illustrated notes

Levels and vault maps discovered:
D:        pitsprint [storerooms_1, entrance_room_1, metal_vault_5, armoury_2,
          mini_pit_1, grid_room_1, main_hall_1, silver_pit, the_coven_2,
          the_vestibule_1, steel_vault_2, golden_pit, hallway_of_sentries,
          crystal_vault_2, iron_vault_3, final_vault]

Skill      XL: |  1  2  3  4  5  6  7  8  9 |
---------------+----------------------------+-----
Invocations    | 2 3 5 7 10 12 13 | 13.2
Long Blades    | 3 4 5 6 8 9 10 | 10.0
Armour         | 1 2 3 4 5 7 8 9 |  9.5
Dodging        | 3 4 5 6 8 9 10 | 10.0
Fighting       | 3 4 5 6 8 9 10 | 10.6
Throwing       | |  1.7

Action                   |  1- 3 |  4- 6 |  7- 9 || total
-------------------------+-------+-------+-------++-------
Melee: Falchion          |    52 |    51 |    17 ||   120
       Long sword        |     2 |       |       ||     2
       Punch             |     1 |       |       ||     1
       Touch             |       |       |     8 ||     8
       Scimitar          |       |       |    20 ||    20
Invok: Upheaval          |       |     1 |     6 ||     7
  Use: Potion            |     4 |     3 |     3 ||    10
 Stab: Invisible         |     1 |       |       ||     1
Armor: Leather armour    |    17 |       |       ||    17
       Chain mail        |     6 |    10 |    20 ||    36
Dodge: Dodged            |    54 |     8 |    24 ||    86
Block: Other             |     2 |     3 |     8 ||    13
